Map: King's Cove LE

Players

soul

  • Race: Terran Terran
  • League: Grandmaster
  • Spawn Location: 5:00

GOStephano (Stephano) - Winner!

  • Race: Zerg Zerg
  • League: Grandmaster
  • Spawn Location: 11:00

Event: HomeStory Cup XIX

VOD

Have the link to the VOD?

Description

Time

  • Played on: June 28, 2019, 3:43 p.m.
  • Length: 5:47

All games in this series

Show
View Real Time Build Order
Export as new Build Order

soul Terran 

Build Orders: Gas First Reaper Expand, Hellion Banshee 

Get SALT Encoding   

  12  0:00  SCV  
  13  0:13  SCV  
  14  0:18  Supply Depot  
  14  0:25  SCV  
  15  0:28  Refinery  
  15  0:39  SCV  
  16  0:46  Barracks  
  16  0:51  SCV  
  17  1:03  SCV  
  18  1:16  SCV  
  19  1:34  Orbital Command, Reaper  
  20  1:46  Command Center  
  20  1:56  Factory  
  20  2:00  SCV  
  21  2:07  Barracks Reactor  
  21  2:12  SCV  
  22  2:17  Refinery, Supply Depot  
  22  2:28  SCV  
  21  2:40  SCV  
  21  2:45  Marine  
  23  2:52  Supply Depot  
  23  2:53  SCV  
  23  2:54  Marine  
  23  3:04  Hellion  
  23  3:05  SCV  
  25  3:16  Barracks Reactor  
  25  3:17  SCV  
  26  3:28  Hellion  
  26  3:29  SCV  
  29  3:34  Orbital Command  
  30  3:41  SCV  
  30  3:50  Starport  
  30  3:53  SCV  
  31  4:00  SCV  
  32  4:03  Hellion  
  32  4:04  Hellion  
  32  4:05  SCV  
  37  4:11  Barracks Tech Lab  
  37  4:12  SCV  
  37  4:15  Supply Depot  
  38  4:17  SCV  
  39  4:24  SCV  
  39  4:27  Hellion  
  39  4:29  SCV  
  43  4:32  Hellion  
  43  4:37  SCV  
  46  4:41  SCV  
  46  4:44  Banshee  
  50  4:49  SCV  
  50  4:51  Supply Depot  
  50  4:54  SCV  
  50  5:01  SCV  
  50  5:06  Marine, SCV  
  52  5:11  Supply Depot  
  52  5:13  SCV  
  53  5:18  SCV  
  54  5:25  SCV  
  54  5:26  Command Center  
  58  5:31  SCV  
  55  5:43  Command Center, Supply Depot  
Show
View Real Time Build Order
Export as new Build Order

GOStephano Zerg - Winner!

Build Orders: Pool First 

Get SALT Encoding   

  12  0:00  Drone  
  13  0:12  Overlord  
  13  0:17  Drone  
  14  0:30  Drone x2  
  16  0:41  Spawning Pool  
  15  0:45  Drone  
  15  0:48  Drone  
  17  1:10  Hatchery  
  16  1:14  Drone  
  17  1:27  Zergling x4  
  17  1:28  Zergling x2, Extractor  
  19  1:33  Queen  
  21  1:40  Overlord  
  21  1:50  Drone  
  22  2:01  Drone  
  23  2:09  Queen  
  23  2:14  Drone  
  26  2:23  Drone x2  
  28  2:33  Drone x2  
  30  2:43  Drone x3  
  33  2:47  Hatchery  
  32  2:55  Overlord  
  31  3:00  Drone x2  
  31  3:01  Drone  
  33  3:06  Queen  
  33  3:11  Metabolic Boost  
  34  3:18  Drone x2  
  36  3:22  Drone x3  
  39  3:28  Extractor  
  39  3:30  Zergling x6  
  41  3:34  Overlord  
  41  3:41  Drone, Roach Warren  
  41  3:46  Drone  
  42  3:49  Drone, Overlord  
  43  3:57  Overlord  
  43  4:00  Drone  
  44  4:19  Drone  
  44  4:22  Extractor  
  44  4:25  Roach x9  
  63  4:31  Roach x2  
  63  4:32  Roach  
  63  4:35  Overlord  
  69  4:42  Overlord  
  69  4:45  Zergling x6  
  71  4:56  Roach x2  
  74  5:00  Zergling x12  
  74  5:05  Zergling x4  
  81  5:07  Zergling x2  
  81  5:14  Ravager x2, Overlord  
  84  5:16  Zergling x6  
  84  5:19  Zergling x2  
  88  5:22  Zergling x2  
  88  5:28  Overlord  
Tags
 
Add a new tag
Caveats
  • Supply blocks, unpowered buildings, or Contaminate may cause inaccurate times.
  • Supply counts are checked every 10 seconds.